 Dungeon Crawl Stone Soup version 0.31.0-1-g2c135a0 (webtiles) character file.

Game seed: 14299495567922128217

198 rootbeer the Sneak (level 5, -4/25 HPs)
             Began as a Vine Stalker Enchanter on Mar 21, 2024.
             Killed by divine providence
             ... invoked by an orc priest
              (13 damage)
             ... on level 4 of the Dungeon.
             The game lasted 00:25:17 (2644 turns).

rootbeer the Sneak (Vine Stalker Enchanter)         Turns: 2644, Time: 00:25:18

Health: -4/25      AC:  8    Str: 10    XL:     5   Next: 77%
Magic:  0/9        EV:  5    Int: 17    God:
Gold:   108        SH:  0    Dex: 15    Spells: 4/9 levels left

rFire   . . .        q - +6 dagger (protect)
rCold   . . .        (no shield)
rNeg    . . .        e - +0 chain mail
rPois   .            (no helmet)
rElec   .            (no cloak)
rCorr   .            (no gloves)
SInv    .            (no boots)
Will    .....        (no amulet) Stlth
                     (no ring)
HPRegen 1.04/turn    (no ring)
MPRegen 0.11/turn

%: guardian spirit
@: no status effects
A: fangs 2, regeneration 1, magic shield, antimagic bite, no potion heal 2
a: no special abilities


You were on level 4 of the Dungeon.
You visited 1 branch of the dungeon, and saw 4 of its levels.

You collected 108 gold pieces.

Inventory:

Hand Weapons
 a - a +1 dagger
 p - a +1 dagger of protection
 q - a +6 dagger of protection (weapon)
Armour
 b - a +0 robe
 e - a +0 chain mail (worn)
 k - a +0 robe
Magical Staves
 f - a staff of fire
Scrolls
 d - 2 scrolls of vulnerability
 j - a scroll of blinking
 l - a scroll of noise {unknown}
Potions
 c - a potion of invisibility
 g - a potion of cancellation
 h - a potion of haste {unknown}
 i - a potion of brilliance
 m - 2 potions of attraction {unknown}
 n - a potion of degeneration
 o - a potion of mutation {unknown}
 r - 3 potions of heal wounds {unknown}
 s - a potion of might {unknown}


   Skills:
 + Level 1.2 Fighting
 + Level 2.7 Short Blades
 + Level 2.5 Dodging
 + Level 4.7 Stealth
 + Level 2.5 Spellcasting
 + Level 3.5 Hexes
 + Level 0.4 Ice Magic


You had 4 spell levels left.
You knew the following spells:

 Your Spells              Type           Power      Damage    Failure   Level
a - Ensorcelled Hibernat  Hex/Ice        16%        N/A       99%         2
b - Tukima's Dance        Hex            14%        N/A       100%        3

Your spell library contained the following spells:

 Spells                   Type           Power      Damage    Failure   Level
 Confusing Touch          Hex            14%        N/A       100%        3
 Dazzling Flash           Conj/Hex       16%        N/A       100%        3
 Volatile Blastmotes      Fire/Tloc      4%         2d10      100%        3
 Fulminant Prism          Conj/Alch      1%         3d5       100%        4
 Iskenderun's Mystic Bla  Conj/Tloc      2%         2d3       100%        4


Dungeon Overview and Level Annotations

Branches:
Dungeon (4/15)
 Temple: D:4-7

Altars:


Innate Abilities, Weirdness & Mutations

You have extremely sharp teeth.
Your natural rate of healing is unusually fast.
When hurt, damage is shared between your health and your magic reserves.
Your bite disrupts and absorbs the magic of your enemies.
Potions cannot restore your health.


Message History

You see here a ribbon worm corpse.
l - a scroll labelled COPRUA RO ZEME
Found an escape hatch in the ceiling.
You see here a +0 leather armour.
Found a brown potion.
There is an escape hatch in the ceiling here.
s - a brown potion
There is an escape hatch in the ceiling here.
You open the door.
There is an open door here.
Found a club.
An orc priest and 2 orcs come into view.
Found a leather armour.
Found an escape hatch in the floor.
The orc priest shouts!
The orc shouts!
The orc priest mumbles some strange prayers to Beogh against you.
Beogh smites you! The orc hits you but does no damage.
The orc priest hits you from afar with a +0 trident.
You barely miss the orc. The orc hits you but does no damage.
The orc priest barely misses you.
You completely miss the orc. Your bite misses the orc.
The orc hits you with a +0 hand axe. The orc priest barely misses you.
You hit the orc but do no damage.
Your weapon exudes an aura of protection.
Your bite misses the orc. The orc hits you with a +0 hand axe.
The orc priest hits you but does no damage.
You closely miss the orc. You bite the orc, but do no damage.
The orc priest mumbles some strange prayers to Beogh against you.
Beogh smites you!
Ouch! That really hurt!
* * * LOW HITPOINT WARNING * * *
The orc hits you with a +0 hand axe.
* * * LOW HITPOINT WARNING * * *
Casting: Ensorcelled Hibernation (astonishingly dangerous; 99% risk of failure)
Confirm with . or Enter, or press ? or * to list all spells.
Okay, then.
The orc priest calls down the wrath of Beogh upon you.
Beogh smites you!
Ouch! That really hurt!
You die...

...............
#...........# #.##
#.o# ##.# #o#
##########+
#.#######.†........
#o.#.........<.....
##@..####..........
###...##..........
#.#..+..........
#.####[.........
######'####..........
#....................
#.....<..##########..
#........# ...
#........# ###.


You could see an orc priest and 2 orcs.

Vanquished Creatures
  2 orc priests (D:3)
  An orc wizard (D:3)
  4 adders
  4 ribbon worms
  3 dart slugs
  4 orcs (D:3)
  4 endoplasms
  4 giant cockroaches
  4 hobgoblins
  7 jackals
  2 quokkas
  3 ball pythons
  A bat (D:1)
  6 frilled lizards
  5 goblins
  5 kobolds
59 creatures vanquished.

Notes
Turn   | Place    | Note
-------+----------+-------------------------------------------
     0 | D:1      | rootbeer the Vine Stalker Enchanter began the quest for the
                  | Orb.
     0 | D:1      | Reached XP level 1. HP: 9/9 MP: 4/4
   261 | D:1      | Reached XP level 2. HP: 12/13 MP: 4/6
   287 | D:1      | Reached skill level 4 in Stealth
   293 | D:1      | Learned a level 2 spell: Ensorcelled Hibernation
   895 | D:2      | Reached skill level 1 in Short Blades
   895 | D:2      | Reached XP level 3. HP: 16/16 MP: 7/7
   937 | D:2      | Learned a level 3 spell: Tukima's Dance
  1709 | D:3      | Found a faded altar of an unknown god.
  1723 | D:3      | Reached XP level 4. HP: 19/21 MP: 5/8
  1967 | D:3      | Reached XP level 5. HP: 8/25 MP: 3/9
  1973 | D:3      | HP: 1/25 [orc priest/nerve-wracking pain (4)]
  2089 | D:3      | Reached skill level 1 in Fighting
  2644 | D:4      | Killed from afar by an orc priest

Illustrated notes

Levels and vault maps discovered:
D:1:      minmay_arrival_jagged, layout_rooms
D:2:      layout_loops_ring
D:3:      layout_basic, hellmonk_ecumenical_altar_arch_garden
D:4:      layout_basic, mainiacjoe_overflow_small_starburst, uniq_pikel

Skill      XL: |  1  2  3  4  5 |
---------------+----------------+-----
Stealth        | 4 |  4.7
Short Blades   | 1 2 |  2.7
Dodging        | 2 |  2.5
Fighting       | 1 |  1.2
Spellcasting   | |  2.5
Hexes          | |  3.5
Ice Magic      | |  0.4

Action                     |  1- 3 |  4- 6 || total
---------------------------+-------+-------++-------
  Melee: Dagger            |   150 |   104 ||   254
         Bite              |    40 |    28 ||    68
         Punch             |     3 |       ||     3
   Cast: Ensorcelled Hiber |     3 |     1 ||     4
    Use: Scroll            |     3 |     3 ||     6
         Potion            |       |     2 ||     2
   Stab: Sleeping          |     4 |     2 ||     6
 Armour: Robe              |    85 |    75 ||   160
         Chain mail        |       |    28 ||    28
  Dodge: Dodged            |   117 |    79 ||   196
